 Dungeon Crawl Stone Soup version 0.24.0-125-gc4c63601f3 (webtiles) character file.

Game seed: 7662746326066113879, levelgen mode: deterministic

192 Martska the Chiller (level 5, -5/40 HPs)
             Began as a Merfolk Ice Elementalist on Feb 26, 2020.
             Slain by a bullfrog (8 damage)
             ... in a sewer.
             The game lasted 00:06:02 (2362 turns).

Martska the Chiller (Merfolk Ice Elementalist)      Turns: 2362, Time: 00:06:03

Health: -5/40      AC:  2    Str:  9    XL:     5   Next: 71%
Magic:  0/8        EV: 17    Int: 14    God:
Gold:   142        SH:  0    Dex: 15    Spells: 8/9 levels left

rFire    . . .     SeeInvis .   h - +0 spear
rCold    . . .     Gourm    .   (no shield)
rNeg     . . .     Faith    .   a - +0 robe
rPois    .         Spirit   .   (no helmet)
rElec    .         Reflect  .   (no cloak)
rCorr    .         Harm     .   (no gloves)
MR       .....                  (boots currently unavailable)
Stlth    +++.......             (no amulet)
HPRegen  0.13/turn              (no ring)
MPRegen  0.11/turn              (no ring)

@: very quick
A: change form in water, swift swim, stealthy swim
a: no special abilities


You were in a sewer.
You were not hungry.

You visited 1 branch of the dungeon, and saw 3 of its levels.
You also visited: Sewer.

You collected 142 gold pieces.

Inventory:

Hand Weapons
 d - a +0 short sword
 h - a +0 spear (weapon)
Missiles
 b - 56 stones (quivered)
Armour
 a - a +0 robe (worn)
Scrolls
 e - a scroll of enchant weapon {unknown}
 g - a scroll of fog {unknown}
 j - a scroll of random uselessness {unknown}
 l - a scroll of remove curse {unknown}
 n - a scroll of identify {unknown}
Potions
 f - a potion of curing {unknown}
 i - a potion of resistance {unknown}
 k - a potion of cancellation {unknown}
Comestibles
 c - 2 rations
 m - a chunk of flesh


   Skills:
 * Level 2.8 Fighting
 * Level 3.3 Polearms
 + Level 3.7 Dodging
 - Level 2.2 Stealth
 + Level 2.6 Spellcasting
   Level 0.7 Conjurations
 + Level 4.2 Ice Magic


You had 8 spell levels left.
You knew the following spells:

 Your Spells              Type           Power        Failure   Level  Hunger
a - Freeze                Ice            ##..         4%          1    #......

Your spell library contained the following spells:

 Spells                   Type           Power        Failure   Level  Hunger
 Throw Frost              Conj/Ice       #.....       12%         2    ###....
 Ozocubu's Armour         Chrm/Ice       #.......     28%         3    ###....
 Throw Icicle             Conj/Ice       #.......     63%         4    #####..
 Summon Ice Beast         Ice/Summ       #.......     67%         4    #####..


Dungeon Overview and Level Annotations

Branches:
Dungeon (3/15)              Sewer (1/1)

Altars:
Okawaru


Message History

Aim: a bullfrog (water, severely wounded, slow)
You freeze the bullfrog.
You kill the bullfrog!
Your Polearms skill increases to level 3!
The bullfrog hits you but does no damage.
The bullfrog is no longer moving slowly.
The bullfrog misses you. The bullfrog misses you.
Casting: Freeze (safe; 4% risk of failure)
Confirm with . or Enter, or press ? or * to list all spells.
Aiming: Freeze (safe; 4% risk of failure)
Press: ? - help, Shift-Dir - straight line, f - bullfrog
Aim: a bullfrog (water, heavily wounded)
You freeze the bullfrog!
The bullfrog is severely wounded.
The bullfrog hits you!
* * * LOW HITPOINT WARNING * * *
The bullfrog misses you. The bullfrog hits you!
You die...

≈≈≈≈≈ #≈≈≈≈≈
#≈≈≈≈≈≈ ≈≈≈≈≈≈≈
##≈≈≈≈≈≈≈
#≈≈≈≈≈≈≈≈≈≈≈≈≈
#≈≈∩..≈≈≈≈≈≈≈≈≈≈
##@≈≈.≈..≈≈≈≈≈≈≈≈
#≈F≈≈≈.≈≈≈.≈≈≈≈≈≈.#
#≈≈≈≈≈≈≈≈≈≈≈≈≈≈≈≈.#
#≈≈≈≈≈.%.≈≈≈≈≈≈≈≈.#
#≈≈≈≈.%))≈≈≈≈≈≈≈≈.#
#≈≈≈≈≈..≈≈≈≈≈≈≈≈≈.#
#≈≈≈≈≈≈.≈≈≈≈≈.≈≈≈.#
##≈≈≈≈≈≈≈≈≈≈≈.≈≈≈.#
#≈≈≈≈≈≈≈≈≈≈≈.≈≈≈.#


You could see a bullfrog.

Vanquished Creatures
  A bullfrog (Sewer)
  A hound skeleton (D:2)
  6 adders
  An ooze (D:2)
  A worm (D:2)
  2 dart slugs
  2 leopard geckos
  7 ball pythons
  8 giant cockroaches
  A goblin (D:2)
  A hobgoblin (D:2)
  3 jackals (D:2)
  2 kobolds (D:1)
  6 bats
  5 frilled lizards
  5 rats
52 creatures vanquished.

Notes
Turn   | Place    | Note
-------+----------+-------------------------------------------
     0 | D:1      | Martska the Merfolk Ice Elementalist began the quest for
                  | the Orb.
     0 | D:1      | Reached XP level 1. HP: 13/13 MP: 3/3
   159 | D:1      | Reached XP level 2. HP: 19/20 MP: 0/5
   425 | D:1      | Reached skill level 1 in Fighting
   826 | D:2      | Reached XP level 3. HP: 24/26 MP: 0/6
   862 | D:2      | Reached skill level 1 in Polearms
  1183 | D:2      | Reached XP level 4. HP: 25/33 MP: 7/7
  1582 | D:2      | Found an iron altar of Okawaru.
  1659 | D:2      | Reached skill level 4 in Ice Magic
  1988 | D:3      | Found a glowing drain.
  2046 | Sewer    | Entered a sewer
  2133 | Sewer    | Reached XP level 5. HP: 26/39 MP: 4/8
  2359 | Sewer    | HP: 2/40 [bullfrog (7)]
  2362 | Sewer    | Slain by a bullfrog

Levels and vault maps discovered:
D:1:      dpeg_arrival_short_road, layout_rooms, serial_forest,
          infiniplex_forest_clump_long, infiniplex_forest_pool,
          infiniplex_forest_lined_room_2, infiniplex_forest_lined_room_3,
          infiniplex_forest_lined_2, grunt_decor_cap, minmay_misc_feat_columns,
          kennysheep_crisscross, chequers_serial_rivers_micro_e
D:2:      layout_basic, nicolae_overflow_crystal_walls
D:3:      kennysheep_goblin_castle, layout_basic, bloody_makhleb,
          nicolae_tso_carved_into_rock, portal_sewer_entry_d, first_ration,
          okawaru_altar_gauntlet_db
Sewer:    sewer_frog_island_01

Skill      XL: |  1  2  3  4  5 |
---------------+----------------+-----
Fighting       | 1 2 |  2.8
Dodging        | 3 |  3.7
Polearms       | 1 2 3 |  3.3
Ice Magic      | 4 |  4.2
Stealth        | |  2.2
Spellcasting   | |  2.6
Conjurations   | |  0.7

Action                   |  1- 3 |  4- 6 || total
-------------------------+-------+-------++-------
Melee: Unarmed           |    15 |       ||    15
       Spear             |    47 |    37 ||    84
       Short sword       |     1 |       ||     1
       Tailslap          |       |     1 ||     1
 Cast: Freeze            |    32 |    42 ||    74
 Stab: Sleeping          |     3 |     1 ||     4
  Eat: Ration            |     1 |       ||     1
       Chunk             |       |     2 ||     2
Armor: Robe              |    17 |    15 ||    32
Dodge: Dodged            |    68 |    69 ||   137
